Senateurs vs Flames
Created - April 27, 2025 at 22:33
Goals
|
| Senateurs |
1 |
3 |
0 |
4 |
| Flames |
0 |
1 |
1 |
2 |
|
Shots
|
| Senateurs |
11 |
16 |
3 |
30 |
| Flames |
11 |
8 |
11 |
30 |
|
1st period
1. Senateurs , Quinton Howden 19 (Zachary Sanford 17, Richard Panik 19) at 8:16
Penalties :
Erik Johnson (Cal) for Tripping (Minor) at 8:52, Brendan Smith (Ott) for Tripping (Minor) at 15:47
2nd period
2. Senateurs , Richard Panik 17 (Quinton Howden 20) at 13:28
3. Senateurs , Alex Iafallo 29 (Michael Frolik 29, Riley Sheahan 17) at 17:25
4. Flames , Brad Marchand 13 (Esa Lindell 36, Eric Staal 57) at 18:39
5. Senateurs , Michael Frolik 25 (Alex Iafallo 44, Jake Gardiner 21) at 18:55
Penalties :
Nick Bjugstad (Ott) for Tripping (Minor) at 2:02, Jeremy Morin (Ott) for Tripping (Minor) at 4:47
3rd period
6. Flames , Patrik Berglund 16 (Jimmy Hayes 47, Esa Lindell 37) at 10:32 (PP)
Penalties :
Christoph Bertschy (Ott) for Cross-checking (Minor) at 5:20, Zach Bogosian (Ott) for Interference (Minor) at 9:22, Jeremy Morin (Ott) for Goalie Interference (Minor) at 13:50, Rasmus Andersson (Cal) for High sticking (Minor) at 17:27
Goalie Stats
Mikko Koskinen (Ott), 28 saves from 30 shots - (0.933), W, 21-7-2, 60:00 minutes
Christopher Gibson (Cal), 26 saves from 30 shots - (0.867), L, 35-22-3, 60:00 minutes
Players Stats for Senateurs
Player Name G A P +/- PIM S H SB GA TA FO MP PP MP PK MP
------------------------------------------------------------------------------------
Adam Henrique 0 0 0 -1 0 1 0 0 1 0 2/3 10:12 0:00 0:44
Alex Iafallo 1 1 2 2 0 3 2 0 0 0 0/2 19:07 2:03 2:25
Anton Lindholm 0 0 0 2 0 2 1 0 0 0 0/0 19:11 0:00 5:35
Brendan Smith 0 0 0 0 2 0 0 1 0 1 0/0 17:43 0:00 5:17
Christoph Bertschy 0 0 0 0 2 1 2 0 0 0 3/9 11:39 0:00 2:38
Eric Gelinas 0 0 0 2 0 3 1 0 0 0 0/0 14:45 1:42 1:19
Jake Gardiner 0 1 1 1 0 0 3 1 0 0 0/0 22:21 2:16 0:47
Jared Cowen 0 0 0 0 0 1 1 2 0 0 0/0 19:04 1:42 3:53
Jeremy Morin 0 0 0 0 4 1 1 0 0 0 0/0 10:07 0:00 0:51
Jesse Puljujarvi 0 0 0 -1 0 0 3 0 0 0 0/0 8:56 0:00 0:00
Jordan Martinook 0 0 0 -1 0 2 0 0 0 0 0/0 13:18 0:00 3:50
Michael Frolik 1 1 2 2 0 3 1 0 0 1 1/2 16:31 2:03 0:00
Nick Bjugstad 0 0 0 2 2 2 1 0 0 1 12/20 16:32 2:03 0:00
Quinton Howden 1 1 2 2 0 3 6 0 0 0 7/13 19:39 1:55 5:54
Richard Panik 1 1 2 2 0 4 1 0 1 0 0/0 19:59 1:55 5:45
Riley Sheahan 0 1 1 0 0 1 0 0 0 0 0/0 9:03 0:00 0:00
Zach Bogosian 0 0 0 1 2 0 1 7 0 0 0/0 26:50 2:16 5:15
Zachary Sanford 0 1 1 2 0 3 1 1 0 0 0/0 13:52 1:55 0:07
Players Stats for Flames
Player Name G A P +/- PIM S H SB GA TA FO MP PP MP PK MP
------------------------------------------------------------------------------------
Anders Lee 0 0 0 -1 0 2 0 0 0 0 3/4 9:22 0:00 0:55
Brad Marchand 1 0 1 0 0 2 2 0 0 0 2/4 20:18 4:54 0:40
Bryan Rust 0 0 0 0 0 4 3 0 1 0 1/2 22:24 5:54 2:05
Christian Folin 0 0 0 1 0 0 2 0 0 0 0/0 16:24 0:00 1:23
Colby Robak 0 0 0 0 0 1 0 1 0 0 0/0 13:07 0:35 1:05
David Ullstrom 0 0 0 -1 0 1 1 1 0 0 1/1 9:33 0:00 1:13
Eric Staal 0 1 1 0 0 3 1 0 0 0 11/25 20:38 5:52 1:13
Erik Johnson 0 0 0 -4 2 1 0 3 0 0 0/0 26:15 6:41 1:22
Esa Lindell 0 2 2 1 0 4 1 1 0 1 0/0 21:11 3:49 1:21
Evgeny Svechnikov 0 0 0 -1 0 1 2 0 0 1 0/0 9:11 0:19 0:00
Jake DeBrusk 0 0 0 -1 0 0 2 0 0 0 0/1 16:18 6:03 0:00
Jimmy Hayes 0 1 1 -1 0 0 3 0 0 0 1/1 16:03 5:02 0:00
Kevin Labanc 0 0 0 -1 0 3 0 0 0 0 0/0 11:10 0:09 0:00
Patrik Berglund 1 0 1 -1 0 5 1 0 0 0 3/6 18:37 5:02 1:50
Rasmus Andersson 0 0 0 0 2 0 1 2 0 0 0/0 17:06 4:24 0:15
Sami Vatanen 0 0 0 -4 0 3 2 1 1 0 0/0 26:40 6:41 2:30
Tanner Pearson 0 0 0 -1 0 0 0 1 1 0 0/0 11:08 0:00 0:00
Victor Rask 0 0 0 -1 0 0 1 0 0 0 2/5 10:35 0:00 0:00
3 Stars
1 - Quinton Howden (Ott)
2 - Alex Iafallo (Ott)
3 - Richard Panik (Ott)
Power Play
Senateurs - 0 on 2 Attempt(s) - 0.00%
Flames - 1 on 6 Attempt(s) - 16.67%
Penalty Kill
Senateurs - 5 on 6 Attempt(s) - 83.33%
- Score 0 goal in Penalty Kill
Flames - 2 on 2 Attempt(s) - 100.00%
- Score 0 goal in Penalty Kill
Team Stat
Senateurs - Hits : 25 - Faceoff Wins : 25 - Blocked Shots : 12 - Penalty Minutes : 12
Flames - Hits : 22 - Faceoff Wins : 24 - Blocked Shots : 10 - Penalty Minutes : 4
Official
Referees : Ian Walsh and Tim Peel
Linesman : Brian Mach and Travis Gawryletz
Game Notes
No Game Note
Finance
Level 1 -- Attendance: 6000 (100.00%) -- Ticket Income $600,000
Level 2 -- Attendance: 5000 (100.00%) -- Ticket Income $350,000
Level 3 -- Attendance: 1872 (93.60%) -- Ticket Income $74,880
Level 4 -- Attendance: 3648 (91.20%) -- Ticket Income $109,440
Luxury Box -- Attendance: 944 (94.40%) -- Ticket Income $188,800
Game was played at the Scotiabank Saddledome.
Total Attendance: 17464 (97.02%)
Total Ticket Income: $1,323,120
Other Income: $198,468
Total Income: $1,521,588
Senateurs
5 vs 5 Forward
Center Left Wing Right Wing Time % Phy DF OF
1 Nick Bjugstad Alex Iafallo Michael Frolik 40 0 2 3
2 Quinton Howden Zachary Sanford Richard Panik 30 1 2 2
3 Adam Henrique Jordan Martinook Jesse Puljujarvi 20 1 2 2
4 Christoph Bertschy Jeremy Morin Riley Sheahan 10 1 2 2
5 vs 5 Defense
Defense Defense Time % Phy DF OF
1 Jake Gardiner Zach Bogosian 40 0 2 3
2 Jared Cowen Brendan Smith 30 1 2 2
3 Eric Gelinas Anton Lindholm 20 1 2 2
4 Jake Gardiner Zach Bogosian 10 1 2 2
PowerPlay Forward
Center Left Wing Right Wing Time % Phy DF OF
1 Nick Bjugstad Alex Iafallo Michael Frolik 60 0 1 4
2 Quinton Howden Zachary Sanford Richard Panik 40 0 1 4
PowerPlay Defense
Defense Defense Time % Phy DF OF
1 Jake Gardiner Zach Bogosian 60 0 1 4
2 Jared Cowen Eric Gelinas 40 0 1 4
Penalty Kill 4 Players Forward
Center Wing Time % Phy DF OF
1 Quinton Howden Richard Panik 60 1 3 1
2 Christoph Bertschy Jordan Martinook 40 1 3 1
Penalty Kill 4 Players Defense
Defense Defense Time % Phy DF OF
1 Brendan Smith Zach Bogosian 60 1 3 1
2 Jared Cowen Anton Lindholm 40 1 3 1
Penalty Kill - 3 Players Forward
Forward Time % Phy DF OF
1 Quinton Howden 60 0 5 0
2 Richard Panik 40 0 5 0
Penalty Kill - 3 Players Defense
Defense Defense Time % Phy DF OF
1 Brendan Smith Zach Bogosian 60 0 5 0
2 Anton Lindholm Jared Cowen 40 0 5 0
4 vs 4 Forward
Center Wing Time % Phy DF OF
1 Adam Henrique Alex Iafallo 60 0 2 3
2 Quinton Howden Richard Panik 40 0 2 3
4 vs 4 Defense
Defense Defense Time % Phy DF OF
1 Jake Gardiner Zach Bogosian 60 1 3 1
2 Jared Cowen Brendan Smith 40 1 3 1
Last Minutes Offensive
Center Left Wing Right Wing Defense Defense
Nick Bjugstad Alex Iafallo Jesse Puljujarvi Jake Gardiner Zach Bogosian
Last Minutes Defensive
Center Left Wing Right Wing Defense Defense
Adam Henrique Jordan Martinook Michael Frolik Brendan Smith Jared Cowen
Goaltenders
Starting : Mikko Koskinen
Backup : Martin Jones
Extra Forwards
Normal : Alex Iafallo, Richard Panik, Jordan Martinook - PP : Alex Iafallo, Richard Panik - PK : Alex Iafallo
Extra Defensemen
Normal : Eric Gelinas, Brendan Smith, Anton Lindholm - PP : Eric Gelinas - PK : Anton Lindholm, Brendan Smith
Penalty Shots
Adam Henrique, Nick Bjugstad, Michael Frolik, Riley Sheahan, Alex Iafallo
Custom OT Lines Forwards
Adam Henrique, Nick Bjugstad, Michael Frolik, Riley Sheahan, Alex Iafallo, Richard Panik, Jordan Martinook, Quinton Howden, Jeremy Morin, Zachary Sanford
Custom OT Lines Defensemen
Zach Bogosian, Jared Cowen, Jake Gardiner, Eric Gelinas, Brendan Smith
Scratches
Dennis Everberg (Healthy), Gustav Nyquist (Healthy), Zac Leslie (Healthy)
Flames
5 vs 5 Forward
Center Left Wing Right Wing Time % Phy DF OF
1 Eric Staal Brad Marchand Bryan Rust 40 1 2 2
2 Patrik Berglund Tanner Pearson Jimmy Hayes 30 1 2 2
3 Victor Rask Jake DeBrusk Kevin Labanc 20 1 2 2
4 Anders Lee David Ullstrom Evgeny Svechnikov 10 1 2 2
5 vs 5 Defense
Defense Defense Time % Phy DF OF
1 Sami Vatanen Erik Johnson 40 1 2 2
2 Esa Lindell Christian Folin 30 1 2 2
3 Colby Robak Rasmus Andersson 20 1 2 2
4 Sami Vatanen Erik Johnson 10 1 2 2
PowerPlay Forward
Center Left Wing Right Wing Time % Phy DF OF
1 Eric Staal Jake DeBrusk Bryan Rust 60 1 1 3
2 Patrik Berglund Brad Marchand Jimmy Hayes 40 1 1 3
PowerPlay Defense
Defense Defense Time % Phy DF OF
1 Sami Vatanen Erik Johnson 60 1 1 3
2 Esa Lindell Rasmus Andersson 40 1 1 3
Penalty Kill 4 Players Forward
Center Wing Time % Phy DF OF
1 Patrik Berglund Bryan Rust 60 1 3 1
2 Eric Staal David Ullstrom 40 1 3 1
Penalty Kill 4 Players Defense
Defense Defense Time % Phy DF OF
1 Sami Vatanen Erik Johnson 60 1 3 1
2 Esa Lindell Christian Folin 40 1 3 1
Penalty Kill - 3 Players Forward
Forward Time % Phy DF OF
1 Patrik Berglund 60 1 2 2
2 Eric Staal 40 1 2 2
Penalty Kill - 3 Players Defense
Defense Defense Time % Phy DF OF
1 Sami Vatanen Erik Johnson 60 1 2 2
2 Esa Lindell Christian Folin 40 1 2 2
4 vs 4 Forward
Center Wing Time % Phy DF OF
1 Eric Staal Jake DeBrusk 60 1 2 2
2 Patrik Berglund Bryan Rust 40 1 2 2
4 vs 4 Defense
Defense Defense Time % Phy DF OF
1 Sami Vatanen Erik Johnson 60 1 2 2
2 Esa Lindell Christian Folin 40 1 2 2
Last Minutes Offensive
Center Left Wing Right Wing Defense Defense
Eric Staal Brad Marchand Bryan Rust Sami Vatanen Erik Johnson
Last Minutes Defensive
Center Left Wing Right Wing Defense Defense
Eric Staal Brad Marchand Bryan Rust Sami Vatanen Erik Johnson
Goaltenders
Starting : Christopher Gibson
Backup : Michael Hutchinson
Extra Forwards
Normal : Evgeny Svechnikov, Kevin Labanc, David Ullstrom - PP : Evgeny Svechnikov, Kevin Labanc - PK : Bryan Rust
Extra Defensemen
Normal : Erik Johnson, Rasmus Andersson, Esa Lindell - PP : Colby Robak - PK : Erik Johnson, Colby Robak
Penalty Shots
Eric Staal, Patrik Berglund, Bryan Rust, Jimmy Hayes, Jake DeBrusk
Custom OT Lines Forwards
Eric Staal, Patrik Berglund, Bryan Rust, Jimmy Hayes, Brad Marchand, Kevin Labanc, Tanner Pearson, Evgeny Svechnikov, David Ullstrom, Victor Rask
Custom OT Lines Defensemen
Sami Vatanen, Erik Johnson, Esa Lindell, Christian Folin, Colby Robak
Scratches
Kyle Palmieri (Healthy), Matthew Nieto (Healthy)
% Time on Ice - Senateurs
Lines # - Real PCT - Wanted PCT - Time Play
Normal Forward
1 - 35% - 40% - 15:32
2 - 26% - 30% - 11:50
3 - 20% - 20% - 8:56
4 - 19% - 10% - 8:39
Normal Defense
1 - 40% - 40% - 18:10
2 - 32% - 30% - 14:10
3 - 25% - 20% - 11:26
4 - 3% - 10% - 1:11
PP Forward
1 - 52% - 60% - 2:03
2 - 48% - 40% - 1:55
PP Defense
1 - 57% - 60% - 2:16
2 - 43% - 40% - 1:42
PK Forward
1 - 69% - 60% - 7:42
2 - 31% - 40% - 3:23
PK Defense
1 - 66% - 60% - 7:16
2 - 34% - 40% - 3:49
PK3 Forward
1 - 0% - 60%
2 - 0% - 40%
PK3 Defense
1 - 0% - 60%
2 - 0% - 40%
44 Forward
1 - 0% - 60%
2 - 0% - 40%
44 Defense
1 - 0% - 60%
2 - 0% - 40%
Last Minute Offensive - 0:00
Last Minute Defensive - 0:00
Total
Forward - 60:00
Defense - 60:00
|
% Time on Ice - Flames
Lines # - Real PCT - Wanted PCT - Time Play
Normal Forward
1 - 32% - 40% - 14:16
2 - 27% - 30% - 12:09
3 - 24% - 20% - 10:35
4 - 18% - 10% - 7:57
Normal Defense
1 - 36% - 40% - 16:19
2 - 34% - 30% - 15:18
3 - 25% - 20% - 11:10
4 - 5% - 10% - 2:10
PP Forward
1 - 55% - 60% - 6:03
2 - 45% - 40% - 5:02
PP Defense
1 - 60% - 60% - 6:41
2 - 40% - 40% - 4:24
PK Forward
1 - 69% - 60% - 2:45
2 - 31% - 40% - 1:13
PK Defense
1 - 72% - 60% - 2:52
2 - 28% - 40% - 1:06
PK3 Forward
1 - 0% - 60%
2 - 0% - 40%
PK3 Defense
1 - 0% - 60%
2 - 0% - 40%
44 Forward
1 - 0% - 60%
2 - 0% - 40%
44 Defense
1 - 0% - 60%
2 - 0% - 40%
Last Minute Offensive - 0:00
Last Minute Defensive - 0:00
Total
Forward - 60:00
Defense - 60:00
|
Play-by-Play
1st period
0:01 of 1st period - Eric Staal wins face-off versus Michael Frolik in neutral zone.
0:53 of 1st period - Snap shot by Adam Henrique.
0:53 of 1st period - Stopped by Christopher Gibson without a rebound.
0:54 of 1st period - Anders Lee wins face-off versus Christoph Bertschy in Flames zone.
1:01 of 1st period - Snap shot by Anders Lee.
1:01 of 1st period - Stopped by Mikko Koskinen without a rebound.
1:02 of 1st period - David Ullstrom wins face-off versus Christoph Bertschy in Senateurs zone.
1:13 of 1st period - Wrist shot by Anders Lee.
1:13 of 1st period - Shot Misses the Net.
1:27 of 1st period - Slapshot by Christoph Bertschy.
1:27 of 1st period - Deflect By Jeremy Morin.
1:27 of 1st period - Stopped by Christopher Gibson without a rebound.
1:28 of 1st period - Michael Frolik wins face-off versus Eric Staal in Flames zone.
1:33 of 1st period - Wrist shot by Michael Frolik.
1:33 of 1st period - Shot Blocked by Erik Johnson.
1:35 of 1st period - Wrist shot by Michael Frolik.
1:35 of 1st period - Shot Misses the Net.
2:16 of 1st period - Slapshot by Esa Lindell.
2:16 of 1st period - Stopped by Mikko Koskinen with a rebound.
2:24 of 1st period - Snap shot by Quinton Howden.
2:24 of 1st period - Stopped by Christopher Gibson without a rebound.
2:25 of 1st period - Nick Bjugstad wins face-off versus Victor Rask in Flames zone.
3:00 of 1st period - Wrist shot by Patrik Berglund.
3:00 of 1st period - Stopped by Mikko Koskinen with a rebound.
3:02 of 1st period - Wrist shot by Jimmy Hayes.
3:02 of 1st period - Shot Blocked by Jared Cowen.
3:22 of 1st period - Wrist shot by Adam Henrique.
3:22 of 1st period - Shot Blocked by David Ullstrom.
4:03 of 1st period - Off-side.
4:04 of 1st period - Jimmy Hayes wins face-off versus Quinton Howden in neutral zone.
4:11 of 1st period - Patrik Berglund is hit by Quinton Howden and loses puck.
4:35 of 1st period - Backhand shot by Eric Staal.
4:35 of 1st period - Shot Misses the Net.
4:37 of 1st period - Snap shot by Eric Staal.
4:37 of 1st period - Stopped by Mikko Koskinen with a rebound.
4:39 of 1st period - Snap shot by Bryan Rust.
4:39 of 1st period - Stopped by Mikko Koskinen with a rebound.
4:41 of 1st period - Snap shot by Bryan Rust.
4:41 of 1st period - Shot Misses the Net.
4:53 of 1st period - Erik Johnson is hit by Jesse Puljujarvi and loses puck.
5:58 of 1st period - Wrist shot by Alex Iafallo.
5:58 of 1st period - Shot Blocked by Colby Robak.
6:00 of 1st period - Slapshot by Anton Lindholm.
6:00 of 1st period - Deflect By Michael Frolik.
6:00 of 1st period - Shot Misses the Net.
6:00 of 1st period - Puck is out of play.
6:01 of 1st period - Nick Bjugstad wins face-off versus Eric Staal in Flames zone.
6:04 of 1st period - Slapshot by Alex Iafallo.
6:04 of 1st period - Deflect By Nick Bjugstad.
6:04 of 1st period - Stopped by Christopher Gibson without a rebound.
6:05 of 1st period - Eric Staal wins face-off versus Nick Bjugstad in Flames zone.
6:34 of 1st period - Sami Vatanen is hit by Jesse Puljujarvi and loses puck.
6:43 of 1st period - Jimmy Hayes is hit by Zach Bogosian and loses puck.
6:54 of 1st period - Slapshot by Erik Johnson.
6:54 of 1st period - Shot Blocked by Zach Bogosian.
6:56 of 1st period - Wrist shot by Patrik Berglund.
6:56 of 1st period - Stopped by Mikko Koskinen without a rebound.
6:57 of 1st period - Eric Staal wins face-off versus Quinton Howden in Senateurs zone.
7:04 of 1st period - Snap shot by Zachary Sanford.
7:04 of 1st period - Stopped by Christopher Gibson without a rebound.
7:05 of 1st period - Nick Bjugstad wins face-off versus Eric Staal in Flames zone.
7:32 of 1st period - Snap shot by Esa Lindell.
7:32 of 1st period - Stopped by Mikko Koskinen without a rebound.
7:33 of 1st period - Victor Rask wins face-off versus Quinton Howden in Senateurs zone.
7:34 of 1st period - Wrist shot by Kevin Labanc.
7:34 of 1st period - Shot Blocked by Zachary Sanford.
8:16 of 1st period - Snap shot by Quinton Howden.
8:16 of 1st period - Goal by Quinton Howden - Senateurs : 1 - Flames : 0.
8:17 of 1st period - Eric Staal wins face-off versus Alex Iafallo in neutral zone.
8:22 of 1st period - Wrist shot by Bryan Rust.
8:22 of 1st period - Stopped by Mikko Koskinen without a rebound.
8:23 of 1st period - Nick Bjugstad wins face-off versus Eric Staal in Senateurs zone.
8:52 of 1st period - Minor Penalty to Erik Johnson for Tripping.
8:53 of 1st period - Quinton Howden wins face-off versus Patrik Berglund in Flames zone.
10:52 of 1st period - Penalty to Erik Johnson is over, Erik Johnson is back on ice.
11:15 of 1st period - Wrist shot by Riley Sheahan.
11:15 of 1st period - Stopped by Christopher Gibson with a rebound.
11:17 of 1st period - Slapshot by Anton Lindholm.
11:17 of 1st period - Stopped by Christopher Gibson with a rebound.
11:19 of 1st period - Slapshot by Jeremy Morin.
11:19 of 1st period - Shot Misses the Net.
11:49 of 1st period - Slapshot by Kevin Labanc.
11:49 of 1st period - Shot Misses the Net.
11:51 of 1st period - Snap shot by Kevin Labanc.
11:51 of 1st period - Stopped by Mikko Koskinen without a rebound.
11:52 of 1st period - Anders Lee wins face-off versus Christoph Bertschy in Senateurs zone.
12:09 of 1st period - Jeremy Morin is hit by Sami Vatanen and loses puck.
12:26 of 1st period - Slapshot by Eric Gelinas.
12:26 of 1st period - Stopped by Christopher Gibson without a rebound.
12:27 of 1st period - Nick Bjugstad wins face-off versus Victor Rask in Flames zone.
12:42 of 1st period - Wrist shot by Nick Bjugstad.
12:42 of 1st period - Stopped by Christopher Gibson with a rebound.
12:52 of 1st period - Rasmus Andersson is hit by Quinton Howden and loses puck.
13:19 of 1st period - Wrist shot by Patrik Berglund.
13:19 of 1st period - Stopped by Mikko Koskinen with a rebound.
14:19 of 1st period - Zach Bogosian is hit by David Ullstrom.
14:39 of 1st period - Slapshot by Zach Bogosian.
14:39 of 1st period - Shot Misses the Net.
15:03 of 1st period - Wrist shot by Patrik Berglund.
15:03 of 1st period - Stopped by Mikko Koskinen with a rebound.
15:20 of 1st period - Off-side.
15:21 of 1st period - Christoph Bertschy wins face-off versus Victor Rask in neutral zone.
15:24 of 1st period - Slapshot by Jared Cowen.
15:24 of 1st period - Deflect By Victor Rask.
15:24 of 1st period - Stopped by Christopher Gibson without a rebound.
15:25 of 1st period - Christoph Bertschy wins face-off versus Patrik Berglund in Flames zone.
15:47 of 1st period - Minor Penalty to Brendan Smith for Tripping.
15:48 of 1st period - Quinton Howden wins face-off versus Eric Staal in Senateurs zone.
15:53 of 1st period - Bryan Rust is hit by Quinton Howden and loses puck.
16:08 of 1st period - Richard Panik is hit by Jake DeBrusk and loses puck.
17:47 of 1st period - Penalty to Brendan Smith is over, Brendan Smith is back on ice.
17:58 of 1st period - Snap shot by Nick Bjugstad.
17:58 of 1st period - Shot Misses the Net.
18:41 of 1st period - Esa Lindell is hit by Nick Bjugstad.
19:03 of 1st period - Jake DeBrusk is hit by Eric Gelinas and loses puck.
19:14 of 1st period - Adam Henrique is hit by Victor Rask and loses puck.
Goals for this period are 1 for Senateurs vs 0 for Flames.
Shots for this period are 11 for Senateurs vs 11 for Flames.
2nd period
0:01 of 2nd period - Eric Staal wins face-off versus Nick Bjugstad in neutral zone.
0:04 of 2nd period - Snap shot by Bryan Rust.
0:04 of 2nd period - Stopped by Mikko Koskinen with a rebound.
0:08 of 2nd period - Snap shot by Eric Staal.
0:08 of 2nd period - Stopped by Mikko Koskinen with a rebound.
0:10 of 2nd period - Slapshot by Esa Lindell.
0:10 of 2nd period - Stopped by Mikko Koskinen with a rebound.
0:14 of 2nd period - Snap shot by Eric Staal.
0:14 of 2nd period - Stopped by Mikko Koskinen with a rebound.
0:26 of 2nd period - Patrik Berglund is hit by Jake Gardiner and loses puck.
0:35 of 2nd period - Snap shot by Quinton Howden.
0:35 of 2nd period - Shot Misses the Net.
0:47 of 2nd period - Snap shot by Christoph Bertschy.
0:47 of 2nd period - Stopped by Christopher Gibson with a rebound.
0:49 of 2nd period - Slapshot by Eric Gelinas.
0:49 of 2nd period - Stopped by Christopher Gibson with a rebound.
0:57 of 2nd period - Wrist shot by Riley Sheahan.
0:57 of 2nd period - Shot Misses the Net.
1:34 of 2nd period - Bryan Rust is hit by Zachary Sanford and loses puck.
1:39 of 2nd period - Snap shot by Quinton Howden.
1:39 of 2nd period - Shot Misses the Net.
1:41 of 2nd period - Snap shot by Quinton Howden.
1:41 of 2nd period - Shot Misses the Net.
1:43 of 2nd period - Snap shot by Richard Panik.
1:43 of 2nd period - Stopped by Christopher Gibson with a rebound.
2:02 of 2nd period - Minor Penalty to Nick Bjugstad for Tripping.
2:03 of 2nd period - Quinton Howden wins face-off versus Eric Staal in Senateurs zone.
2:20 of 2nd period - Slapshot by Quinton Howden.
2:20 of 2nd period - Stopped by Christopher Gibson with a rebound.
2:28 of 2nd period - Richard Panik is hit by Brad Marchand and loses puck.
3:25 of 2nd period - Richard Panik is hit by Brad Marchand and loses puck.
3:44 of 2nd period - Brendan Smith is hit by Jimmy Hayes and loses puck.
4:02 of 2nd period - Penalty to Nick Bjugstad is over, Nick Bjugstad is back on ice.
4:09 of 2nd period - Jesse Puljujarvi is hit by Evgeny Svechnikov and loses puck.
4:38 of 2nd period - Colby Robak is hit by Christoph Bertschy and loses puck.
4:47 of 2nd period - Minor Penalty to Jeremy Morin for Tripping.
4:48 of 2nd period - Quinton Howden wins face-off versus Eric Staal in Senateurs zone.
5:16 of 2nd period - Off-side.
5:17 of 2nd period - Patrik Berglund wins face-off versus Christoph Bertschy in neutral zone.
6:45 of 2nd period - Patrik Berglund is hit by Jared Cowen and loses puck.
6:47 of 2nd period - Penalty to Jeremy Morin is over, Jeremy Morin is back on ice.
6:57 of 2nd period - Icing by Jeremy Morin.
6:58 of 2nd period - Nick Bjugstad wins face-off versus Anders Lee in Senateurs zone.
6:58 of 2nd period - Nick Bjugstad is hit by Evgeny Svechnikov.
7:10 of 2nd period - Wrist shot by Michael Frolik.
7:10 of 2nd period - Shot Blocked by Esa Lindell.
7:12 of 2nd period - Wrist shot by Alex Iafallo.
7:12 of 2nd period - Stopped by Christopher Gibson with a rebound.
7:22 of 2nd period - Christoph Bertschy is hit by Christian Folin.
7:42 of 2nd period - Eric Staal is hit by Quinton Howden and loses puck.
8:15 of 2nd period - Colby Robak is hit by Alex Iafallo and loses puck.
8:36 of 2nd period - Eric Staal is hit by Christoph Bertschy and loses puck.
9:48 of 2nd period - Jordan Martinook is hit by Bryan Rust and loses puck.
10:01 of 2nd period - Richard Panik is hit by Jimmy Hayes and loses puck.
10:26 of 2nd period - Off-side.
10:27 of 2nd period - Quinton Howden wins face-off versus Eric Staal in neutral zone.
10:38 of 2nd period - Snap shot by Zachary Sanford.
10:38 of 2nd period - Shot Blocked by Sami Vatanen.
10:40 of 2nd period - Wrist shot by Richard Panik.
10:40 of 2nd period - Stopped by Christopher Gibson with a rebound.
11:17 of 2nd period - Icing by Anton Lindholm.
11:18 of 2nd period - Nick Bjugstad wins face-off versus Jake DeBrusk in Senateurs zone.
11:23 of 2nd period - Victor Rask is hit by Michael Frolik and loses puck.
11:33 of 2nd period - Christian Folin is hit by Anton Lindholm and loses puck.
11:58 of 2nd period - Quinton Howden is hit by Bryan Rust and loses puck.
12:21 of 2nd period - Slapshot by Eric Gelinas.
12:21 of 2nd period - Stopped by Christopher Gibson with a rebound.
12:23 of 2nd period - Slapshot by Eric Gelinas.
12:23 of 2nd period - Shot Misses the Net.
12:25 of 2nd period - Slapshot by Anton Lindholm.
12:25 of 2nd period - Shot Blocked by Erik Johnson.
12:47 of 2nd period - Backhand shot by Zachary Sanford.
12:47 of 2nd period - Stopped by Christopher Gibson with a rebound.
12:49 of 2nd period - Snap shot by Anton Lindholm.
12:49 of 2nd period - Stopped by Christopher Gibson with a rebound.
12:51 of 2nd period - Slapshot by Richard Panik.
12:51 of 2nd period - Stopped by Christopher Gibson with a rebound.
12:53 of 2nd period - Wrist shot by Zachary Sanford.
12:53 of 2nd period - Stopped by Christopher Gibson with a rebound.
12:59 of 2nd period - Wrist shot by Quinton Howden.
12:59 of 2nd period - Shot Misses the Net.
13:28 of 2nd period - Snap shot by Richard Panik.
13:28 of 2nd period - Goal by Richard Panik - Senateurs : 2 - Flames : 0.
13:29 of 2nd period - Nick Bjugstad wins face-off versus Eric Staal in neutral zone.
13:42 of 2nd period - Jake Gardiner is hit by Eric Staal and loses puck.
14:23 of 2nd period - Slapshot by Kevin Labanc.
14:23 of 2nd period - Stopped by Mikko Koskinen with a rebound.
14:25 of 2nd period - Snap shot by Kevin Labanc.
14:25 of 2nd period - Stopped by Mikko Koskinen without a rebound.
14:26 of 2nd period - Eric Staal wins face-off versus Nick Bjugstad in Senateurs zone.
14:53 of 2nd period - Jared Cowen is hit by Sami Vatanen and loses puck.
15:24 of 2nd period - Slapshot by Jared Cowen.
15:24 of 2nd period - Shot Blocked by Rasmus Andersson.
15:26 of 2nd period - Wrist shot by Christoph Bertschy.
15:26 of 2nd period - Shot Blocked by Rasmus Andersson.
15:46 of 2nd period - Snap shot by Brad Marchand.
15:46 of 2nd period - Shot Misses the Net.
15:56 of 2nd period - Tanner Pearson is hit by Quinton Howden and loses puck.
16:13 of 2nd period - Erik Johnson is hit by Jake Gardiner.
16:22 of 2nd period - Evgeny Svechnikov is hit by Jesse Puljujarvi and loses puck.
16:53 of 2nd period - Icing by Eric Gelinas.
16:54 of 2nd period - Bryan Rust wins face-off versus Christoph Bertschy in Senateurs zone.
17:03 of 2nd period - Wrist shot by Brad Marchand.
17:03 of 2nd period - Shot Misses the Net.
17:07 of 2nd period - Snap shot by Bryan Rust.
17:07 of 2nd period - Shot Misses the Net.
17:09 of 2nd period - Slapshot by Sami Vatanen.
17:09 of 2nd period - Stopped by Mikko Koskinen with a rebound.
17:21 of 2nd period - Snap shot by Michael Frolik.
17:21 of 2nd period - Shot Blocked by Erik Johnson.
17:23 of 2nd period - Wrist shot by Alex Iafallo.
17:23 of 2nd period - Shot Blocked by Tanner Pearson.
17:25 of 2nd period - Wrist shot by Alex Iafallo.
17:25 of 2nd period - Goal by Alex Iafallo - Senateurs : 3 - Flames : 0.
17:26 of 2nd period - Eric Staal wins face-off versus Nick Bjugstad in neutral zone.
17:31 of 2nd period - Slapshot by Zach Bogosian.
17:31 of 2nd period - Shot Misses the Net.
17:39 of 2nd period - Snap shot by Eric Staal.
17:39 of 2nd period - Shot Misses the Net.
17:53 of 2nd period - Tanner Pearson is hit by Richard Panik.
17:57 of 2nd period - Quinton Howden is hit by Patrik Berglund and loses puck.
18:23 of 2nd period - Snap shot by Adam Henrique.
18:23 of 2nd period - Deflect By Jesse Puljujarvi.
18:23 of 2nd period - Shot Misses the Net.
18:23 of 2nd period - Puck is out of play.
18:24 of 2nd period - Adam Henrique wins face-off versus Eric Staal in Flames zone.
18:37 of 2nd period - Slapshot by Esa Lindell.
18:37 of 2nd period - Shot Blocked by Brendan Smith.
18:39 of 2nd period - Slapshot by Brad Marchand.
18:39 of 2nd period - Goal by Brad Marchand - Senateurs : 3 - Flames : 1.
18:40 of 2nd period - Nick Bjugstad wins face-off versus Eric Staal in neutral zone.
18:49 of 2nd period - Wrist shot by Michael Frolik.
18:49 of 2nd period - Deflect By Alex Iafallo.
18:49 of 2nd period - Stopped by Christopher Gibson with a rebound.
18:55 of 2nd period - Wrist shot by Michael Frolik.
18:55 of 2nd period - Goal by Michael Frolik - Senateurs : 4 - Flames : 1.
18:56 of 2nd period - Nick Bjugstad wins face-off versus Bryan Rust in neutral zone.
19:05 of 2nd period - Wrist shot by Michael Frolik.
19:05 of 2nd period - Stopped by Christopher Gibson with a rebound.
19:39 of 2nd period - Tanner Pearson is hit by Jake Gardiner and loses puck.
Goals for this period are 3 for Senateurs vs 1 for Flames.
Shots for this period are 16 for Senateurs vs 8 for Flames.
3rd period
0:01 of 3rd period - Nick Bjugstad wins face-off versus Brad Marchand in neutral zone.
0:10 of 3rd period - Slapshot by Michael Frolik.
0:10 of 3rd period - Stopped by Christopher Gibson without a rebound.
0:11 of 3rd period - Brad Marchand wins face-off versus Nick Bjugstad in Flames zone.
1:35 of 3rd period - Slapshot by Riley Sheahan.
1:35 of 3rd period - Shot Misses the Net.
1:38 of 3rd period - Icing by Bryan Rust.
1:39 of 3rd period - Eric Staal wins face-off versus Nick Bjugstad in Flames zone.
2:04 of 3rd period - Slapshot by Esa Lindell.
2:04 of 3rd period - Stopped by Mikko Koskinen with a rebound.
2:31 of 3rd period - Icing by Jake DeBrusk.
2:32 of 3rd period - Victor Rask wins face-off versus Nick Bjugstad in Flames zone.
2:37 of 3rd period - Jared Cowen is hit by Jake DeBrusk and loses puck.
3:57 of 3rd period - Snap shot by Kevin Labanc.
3:57 of 3rd period - Shot Blocked by Jared Cowen.
3:59 of 3rd period - Slapshot by Esa Lindell.
3:59 of 3rd period - Deflect By Kevin Labanc.
3:59 of 3rd period - Shot Misses the Net.
3:59 of 3rd period - Puck is out of play.
4:00 of 3rd period - Eric Staal wins face-off versus Quinton Howden in Senateurs zone.
4:06 of 3rd period - Icing by Zach Bogosian.
4:07 of 3rd period - Eric Staal wins face-off versus Quinton Howden in Senateurs zone.
4:14 of 3rd period - Snap shot by Bryan Rust.
4:14 of 3rd period - Stopped by Mikko Koskinen with a rebound.
4:16 of 3rd period - Slapshot by Erik Johnson.
4:16 of 3rd period - Stopped by Mikko Koskinen with a rebound.
4:18 of 3rd period - Wrist shot by Bryan Rust.
4:18 of 3rd period - Shot Misses the Net.
4:20 of 3rd period - Wrist shot by Brad Marchand.
4:20 of 3rd period - Shot Misses the Net.
4:22 of 3rd period - Slapshot by Erik Johnson.
4:22 of 3rd period - Shot Blocked by Zach Bogosian.
4:24 of 3rd period - Wrist shot by Brad Marchand.
4:24 of 3rd period - Shot Blocked by Zach Bogosian.
4:26 of 3rd period - Wrist shot by Eric Staal.
4:26 of 3rd period - Shot Blocked by Jake Gardiner.
4:28 of 3rd period - Snap shot by Brad Marchand.
4:28 of 3rd period - Shot Misses the Net.
4:30 of 3rd period - Snap shot by Bryan Rust.
4:30 of 3rd period - Shot Blocked by Zach Bogosian.
4:32 of 3rd period - Snap shot by Eric Staal.
4:32 of 3rd period - Shot Blocked by Zach Bogosian.
4:34 of 3rd period - Snap shot by Brad Marchand.
4:34 of 3rd period - Stopped by Mikko Koskinen without a rebound.
4:35 of 3rd period - Adam Henrique wins face-off versus Patrik Berglund in Senateurs zone.
5:10 of 3rd period - Snap shot by Anders Lee.
5:10 of 3rd period - Stopped by Mikko Koskinen with a rebound.
5:12 of 3rd period - Slapshot by Colby Robak.
5:12 of 3rd period - Shot Blocked by Zach Bogosian.
5:14 of 3rd period - Wrist shot by Evgeny Svechnikov.
5:14 of 3rd period - Stopped by Mikko Koskinen with a rebound.
5:20 of 3rd period - Minor Penalty to Christoph Bertschy for Cross-checking.
5:21 of 3rd period - Eric Staal wins face-off versus Quinton Howden in Senateurs zone.
6:17 of 3rd period - Jordan Martinook is hit by Esa Lindell and loses puck.
6:50 of 3rd period - Brad Marchand is hit by Quinton Howden and loses puck.
7:09 of 3rd period - Adam Henrique is hit by Bryan Rust and loses puck.
7:20 of 3rd period - Penalty to Christoph Bertschy is over, Christoph Bertschy is back on ice.
7:36 of 3rd period - Snap shot by David Ullstrom.
7:36 of 3rd period - Stopped by Mikko Koskinen with a rebound.
7:38 of 3rd period - Wrist shot by Colby Robak.
7:38 of 3rd period - Stopped by Mikko Koskinen with a rebound.
9:22 of 3rd period - Minor Penalty to Zach Bogosian for Interference.
9:23 of 3rd period - Quinton Howden wins face-off versus Eric Staal in Senateurs zone.
9:34 of 3rd period - Slapshot by Sami Vatanen.
9:34 of 3rd period - Stopped by Mikko Koskinen with a rebound.
9:36 of 3rd period - Slapshot by Sami Vatanen.
9:36 of 3rd period - Stopped by Mikko Koskinen with a rebound.
9:54 of 3rd period - Wrist shot by Brad Marchand.
9:54 of 3rd period - Deflect By Christoph Bertschy.
9:54 of 3rd period - Shot Misses the Net.
9:54 of 3rd period - Puck is out of play.
9:55 of 3rd period - Christoph Bertschy wins face-off versus Eric Staal in Senateurs zone.
10:28 of 3rd period - Slapshot by Esa Lindell.
10:28 of 3rd period - Shot Misses the Net.
10:30 of 3rd period - Snap shot by Jimmy Hayes.
10:30 of 3rd period - Shot Misses the Net.
10:32 of 3rd period - Snap shot by Patrik Berglund.
10:32 of 3rd period - Goal by Patrik Berglund - Senateurs : 4 - Flames : 2.
10:33 of 3rd period - Brad Marchand wins face-off versus Alex Iafallo in neutral zone.
11:03 of 3rd period - Slapshot by Zach Bogosian.
11:03 of 3rd period - Deflect By Jordan Martinook.
11:03 of 3rd period - Shot Misses the Net.
11:03 of 3rd period - Puck is out of play.
11:04 of 3rd period - Patrik Berglund wins face-off versus Adam Henrique in Flames zone.
11:13 of 3rd period - Wrist shot by Jordan Martinook.
11:13 of 3rd period - Stopped by Christopher Gibson without a rebound.
11:14 of 3rd period - Nick Bjugstad wins face-off versus Brad Marchand in Flames zone.
11:39 of 3rd period - Brendan Smith is hit by Jimmy Hayes.
12:40 of 3rd period - Richard Panik is hit by Christian Folin and loses puck.
13:50 of 3rd period - Minor Penalty to Jeremy Morin for Goalie Interference.
13:51 of 3rd period - Quinton Howden wins face-off versus Eric Staal in Senateurs zone.
13:59 of 3rd period - Slapshot by Eric Staal.
13:59 of 3rd period - Shot Blocked by Zach Bogosian.
14:01 of 3rd period - Snap shot by Jake DeBrusk.
14:01 of 3rd period - Shot Misses the Net.
14:53 of 3rd period - Wrist shot by Jordan Martinook.
14:53 of 3rd period - Stopped by Christopher Gibson with a rebound.
15:50 of 3rd period - Penalty to Jeremy Morin is over, Jeremy Morin is back on ice.
16:22 of 3rd period - Quinton Howden is hit by Rasmus Andersson and loses puck.
17:04 of 3rd period - Off-side.
17:05 of 3rd period - Anders Lee wins face-off versus Christoph Bertschy in neutral zone.
17:27 of 3rd period - Minor Penalty to Rasmus Andersson for High sticking.
17:28 of 3rd period - Patrik Berglund wins face-off versus Nick Bjugstad in Flames zone.
19:06 of 3rd period - Anders Lee is hit by Alex Iafallo and loses puck.
19:27 of 3rd period - Penalty to Rasmus Andersson is over, Rasmus Andersson is back on ice.
19:33 of 3rd period - Sami Vatanen is hit by Jeremy Morin and loses puck.
Goals for this period are 0 for Senateurs vs 1 for Flames.
Shots for this period are 3 for Senateurs vs 11 for Flames.